 Dungeon Crawl Stone Soup version 0.31-a0-1338-gb567cfdca4 (webtiles) character file.

Game seed: 18259031930557284460

1908 grandjackal the Thaumaturge (level 8, -3/41 HPs)
             Began as a Deep Elf Conjurer on Dec 22, 2023.
             Was an Initiate of Sif Muna.
             Splashed by a jelly's acid (8 damage)
             ... on level 6 of the Dungeon.
             The game lasted 00:10:11 (5943 turns).

grandjackal the Thaumaturge (Deep Elf Conjurer)     Turns: 5943, Time: 00:10:12

Health: -3/41      AC: -9    Str:  4    XL:     8   Next: 94%
Magic:  15/25      EV: 13    Int: 26    God:    Sif Muna [......]
Gold:   331        SH:  0    Dex: 18    Spells: 18/29 levels left

rFire   . . .        g - +7 flail of Gehenna {holy, ^Drain Fly rN+ Dex+5}
rCold   . . .        (no shield)
rNeg    + . .        a - +0 robe
rPois   .            (no helmet)
rElec   .            j - +0 cloak
rCorr   .            (no gloves)
SInv    .            (no boots)
Will    .....        (no amulet)
Stlth   ++           r - ring of flight
HPRegen 0.26/turn    u - ring of wizardry
MPRegen 0.19/turn

%: wizardry (x1)
@: corroded, flying
A: no striking features
a: Renounce Religion


You were on level 6 of the Dungeon.
You worshipped Sif Muna.
Sif Muna was noncommittal.
You visited 2 branches of the dungeon, and saw 7 of its levels.

You collected 331 gold pieces.

Inventory:

Hand Weapons
 g - the +7 flail of Gehenna (weapon) {holy, ^Drain Fly rN+ Dex+5}
   (You found it on level 2 of the Dungeon)

   Dex+5:     It affects your dexterity (+5).
   rN+:       It protects you from negative energy.
   Fly:       It grants you flight.
   ^Drain:    It drains your maximum health when unequipped.
Missiles
 s - 2 throwing nets
Armour
 a - a +0 robe (worn)
 j - a +0 cloak (worn)
Jewellery
 r - a ring of flight (left hand)
 u - a ring of wizardry (right hand)
Wands
 i - a wand of quicksilver (6)
 t - a wand of charming (18)
Scrolls
 c - 4 scrolls of teleportation {unknown}
 d - 2 scrolls of blinking {unknown}
 k - 2 scrolls of immolation {unknown}
 m - a scroll of noise {unknown}
 o - 2 scrolls of revelation {unknown}
 p - a scroll of brand weapon {unknown}
 q - a scroll of fear {unknown}
 v - a scroll of poison {unknown}
 w - a scroll of identify {unknown}
Potions
 b - a potion of magic
 e - 3 potions of curing {unknown}
 f - 3 potions of heal wounds {unknown}
 h - a potion of attraction {unknown}
 l - a potion of lignification {unknown}
 n - a potion of mutation {unknown}


   Skills:
 - Level 2.4 Dodging
 - Level 2.4 Stealth
 + Level 11.1 Spellcasting
 + Level 10.0 Conjurations


You had 18 spell levels left.
You knew the following spells:

 Your Spells              Type           Power      Damage    Failure   Level
a - Magic Dart            Conj           100%       1d8       1%          1
b - Searing Ray           Conj           100%       2d8       1%          2
c - Fulminant Prism       Conj/Alch      20%        3d12      2%          4
d - Iskenderun's Mystic   Conj/Tloc      40%        2d9       2%          4

Your spell library contained the following spells:

 Spells                   Type           Power      Damage    Failure   Level
 Cigotuvi's Dreadful Rot  Necr/Alch/Air  28%        N/A       2%          2
 Dispel Undead            Necr           14%        3d10      16%         4
 Death Channel            Necr           7%         N/A       91%         6


Dungeon Overview and Level Annotations

Branches:
Dungeon (6/15)             Temple (1/1) D:4

Altars:
Ashenzari
Dithmenos
Elyvilon
Fedhas
Gozag
Hepliaklqana
Kikubaaqudgha
Makhleb
Nemelex Xobeh
Okawaru
Ru
Sif Muna
Trog
Uskayaw
Vehumet
Wu Jian
Xom
Yredelemnul
Zin
The Shining One

Shops:
D:3 =

Annotations:
D:5 1 runed translucent door, Sweetruy1997's ghost, amateur TrBe


Message History

Unknown command.
Unknown command.
The orc priest calls down the wrath of Beogh upon you.
Beogh smites you!
Casting: Fulminant Prism (dangerous; 2% risk of failure)
Confirm with . or Enter, or press ? or * to list all spells.
Aiming: Fulminant Prism (dangerous; 2% risk of failure)
Press: ? - help, Dir - move target You conjure a prism of explosive energy!
A fulminant prism comes into view.
The orc priest looks encouraged for a moment.
Unknown command.
The orc hits something but does no damage.
You hear a loud crackle.
You hear an explosion!
Sif Muna accepts your kill.
You feel a bit more experienced.
Unknown command.
Unknown command.
Unknown command.
Casting: Fulminant Prism (dangerous; 2% risk of failure)
Confirm with . or Enter, or press ? or * to list all spells.
Aiming: Searing Ray (safe; 1% risk of failure)
Press: ? - help, Shift-Dir - straight line, f - jelly
Aim: a jelly (100% to hit)
The searing ray hits the jelly.
The jelly is lightly wounded. (Press . to maintain the ray.)
The jelly hits you. The acid corrodes you!
You are splashed with acid!
The searing ray hits the jelly!
The jelly is heavily wounded.
The jelly hits you. The acid corrodes you!
You are splashed with acid!
* * * LOW HITPOINT WARNING * * *
Unknown command.
The searing ray hits the jelly.
The jelly is almost dead.
The jelly hits you.
* * * LOW HITPOINT WARNING * * *
The acid corrodes you!
You are splashed with acid!
You die...

#####........######
..............#...#
.................##
#................#
..###....>......##
###.............#
##........##..#.#
...#......##.##.##
.#......<.#..##.@###
#..#........####.J.##
..##.......## ####..######
#####.#.#..# #..*.......#
#.......#..# #....o)......#
.....####..##..............
.#.######..##.........)....
...........##......).)$....
........ #..............


You could see a jelly.

Vanquished Creatures
  Grinder (D:3)
  Menkaure (D:5)
  A water moccasin (D:5)
  An ice beast (D:5)
  An orc warrior (D:6)
  2 ogres
  3 scorpions
  A hound (D:5)
  A gnoll bouda (D:4)
  4 orc priests
  A sleepcap (D:6)
  3 iguanas
  Natasha (thrice) (D:2)
  Terence (D:2)
  8 orc wizards
  16 gnolls
  6 adders
  A shadow imp (D:6)
  A bombardier beetle (D:5)
  A worm (D:5)
  2 dart slugs (D:2)
  26 orcs
  7 bats
  4 endoplasms
  8 giant cockroaches
  8 goblins
  7 hobgoblins
  12 jackals
  5 quokkas
  8 ball pythons
  6 frilled lizards
  3 kobolds
  10 rats
163 creatures vanquished.

Vanquished Creatures (others)
  9 fulminant prisms
9 creatures vanquished.

Grand Total: 172 creatures vanquished

Notes
Turn   | Place    | Note
-------+----------+-------------------------------------------
     0 | D:1      | grandjackal the Deep Elf Conjurer began the quest for the
                  | Orb.
     0 | D:1      | Reached XP level 1. HP: 10/10 MP: 6/6
     0 | D:1      | Noticed an orb of fire
     1 | D:1      | Noticed an orb of fire
     2 | D:1      | Noticed an orb of fire
     4 | D:1      | Noticed a tentacled monstrosity
     4 | D:1      | Noticed a large abomination
     7 | D:1      | Noticed a large abomination
     8 | D:1      | Noticed a shadow dragon
    13 | D:1      | Noticed a shadow dragon
    15 | D:1      | Noticed an orb of fire
    17 | D:1      | Noticed a large abomination
    17 | D:1      | Noticed a large abomination
    17 | D:1      | Noticed a tentacled monstrosity
    19 | D:1      | Noticed an ice dragon
    19 | D:1      | Noticed an orb of fire
   265 | D:1      | Reached XP level 2. HP: 15/15 MP: 4/8
   382 | D:1      | Learned a level 2 spell: Searing Ray
   590 | D:1      | Reached skill level 4 in Spellcasting
   682 | D:1      | Reached skill level 5 in Conjurations
   682 | D:1      | Reached XP level 3. HP: 19/19 MP: 7/10
   969 | D:2      | Identified the +7 flail of Gehenna {holy, ^Drain Fly rN+
                  | Dex+5}
  1170 | D:2      | Noticed Terence
  1174 | D:2      | Killed Terence
  1239 | D:2      | Reached XP level 4. HP: 24/24 MP: 10/12
  1244 | D:2      | Learned a level 4 spell: Fulminant Prism
  1249 | D:2      | Learned a level 4 spell: Iskenderun's Mystic Blast
  1985 | D:2      | Noticed Natasha
  1989 | D:2      | Killed Natasha
  1990 | D:2      | Reached skill level 5 in Spellcasting
  2305 | D:2      | Noticed Natasha
  2311 | D:2      | Killed Natasha
  2398 | D:2      | Noticed Natasha
  2405 | D:2      | Killed Natasha
  2406 | D:2      | Reached XP level 5. HP: 28/28 MP: 9/15
  2748 | D:3      | Identified the +2 mace "Ubiser" {heavy, rCorr}
  2751 | D:3      | Found Dyubla's Jewellery Shoppe.
  2790 | D:3      | Reached skill level 6 in Spellcasting
  2999 | D:3      | Noticed Grinder
  3006 | D:3      | Paralysed by Grinder for 5 turns
  3012 | D:3      | Killed Grinder
  3013 | D:3      | Reached skill level 7 in Spellcasting
  3013 | D:3      | Reached XP level 6. HP: 15/32 MP: 5/18
  3620 | D:4      | Found a glowing golden altar of the Shining One.
  3622 | D:4      | Noticed an angel
  3632 | D:4      | Found a basalt altar of Yredelemnul.
  3690 | D:4      | Found a shadowy altar of Dithmenos.
  3741 | D:4      | Reached XP level 7. HP: 36/36 MP: 15/19
  3801 | D:4      | Reached skill level 8 in Spellcasting
  4214 | D:4      | You are sucked into a shaft and drop 2 floors!
  4298 | D:5      | Entered Level 5 of the Dungeon
  4407 | D:5      | Reached skill level 9 in Spellcasting
  4539 | D:5      | Found a runed translucent door.
  4543 | D:5      | Noticed Sweetruy1997's ghost (amateur TrBe)
  4553 | D:5      | Noticed Menkaure
  4556 | D:5      | Killed Menkaure
  4557 | D:5      | Reached XP level 8. HP: 41/41 MP: 15/23
  4874 | D:5      | Found a glowing drain.
  4879 | D:5      | Reached skill level 10 in Spellcasting
  5426 | D:4      | Found a staircase to the Ecumenical Temple.
  5493 | Temple   | Entered the Ecumenical Temple
  5556 | Temple   | Became a worshipper of Sif Muna the Loreminder
  5860 | D:6      | Reached skill level 11 in Spellcasting
  5936 | D:6      | Reached skill level 10 in Conjurations
  5943 | D:6      | Splashed by a jelly's acid

Illustrated notes

Levels and vault maps discovered:
D:1:      shiori_arrival_whats_in_store_for_you, layout_loops_ring
D:2:      minmay_wonky_spiral, layout_basic, uniq_natasha, uniq_terence
D:3:      layout_basic, serial_shops, shop, uniq_grinder
D:4:      layout_rooms, grunt_temple_overflow_holy_war,
          nicolae_dithmenos_through_a_glass_darkly, temple_hall
D:5:      layout_gridville, gammafunk_ghost_grave, portal_sewer_entry_b,
          chequers_mini_garden, kennysheep_generic_room_5, uniq_menkaure
D:6:      layout_rooms, uniq_prince_ribbit1
Temple:   minmay_crystal_spiral_temple

Skill      XL: |  1  2  3  4  5  6  7  8 |
---------------+-------------------------+-----
Spellcasting   | 4 5 7 9 11 | 11.1
Conjurations   | 5 6 7 8 10 | 10.0
Dodging        | |  2.4
Stealth        | |  2.4

Action                     |  1- 3 |  4- 6 |  7- 9 || total
---------------------------+-------+-------+-------++-------
  Melee: Unarmed           |    11 |       |       ||    11
         Flail             |       |       |     2 ||     2
   Cast: Magic Dart        |    64 |    38 |     6 ||   108
         Searing Ray       |     1 |    19 |    40 ||    60
         Fulminant Prism   |       |     2 |     7 ||     9
         Iskenderun's Myst |       |       |     6 ||     6
  Evoke: Wand              |       |       |     1 ||     1
 Armour: Robe              |     5 |     4 |    13 ||    22
  Dodge: Dodged            |    16 |     6 |    12 ||    34

Table legend: (Time is in decaauts)
 A = Elapsed time spent in this place.
 B = Non-inter-level travel time spent in this place.
 C = Inter-level travel time spent in this place.
 D = Time resting spent in this place.
 E = Time spent auto-exploring this place.
 F = Levels seen in this place.
 G = Mean time per level.
                   A        B        C        D        E       F      G
               +--------+--------+--------+--------+--------+-----+--------+
         Total |   5944 |   5425 |    519 |   1326 |   3237 |   7 |  849.1 |
       Dungeon |   5821 |   5362 |    459 |   1326 |   3237 |   6 |  970.2 |
        Temple |    122 |     63 |     59 |      0 |      0 |   1 |  122.0 |
               +--------+--------+--------+--------+--------+-----+--------+

Top non-repeatable levels by time:
     D:2: 1522 daAuts
     D:5: 1115 daAuts
     D:3: 1061 daAuts
     D:1: 950 daAuts
     D:4: 840 daAuts
     D:6: 331 daAuts
  Temple: 122 daAuts
